 Dungeon Crawl Stone Soup version 0.31-a0-844-gdc52ec4e09 (webtiles) character file.

Game seed: 3014186384920112142

1293 Kurtz the Cleaver (level 8, -1/52 HPs)
             Began as an Octopode Fighter on Sept 30, 2023.
             Was a Believer of Okawaru.
             Succumbed to a water moccasin's poison
             ... on level 6 of the Dungeon.
             The game lasted 00:04:12 (4217 turns).

Kurtz the Cleaver (Octopode Fighter)                Turns: 4217, Time: 00:04:13

Health: -1/52      AC:  5    Str: 18 (21) XL:     8   Next: 56%
Magic:  6/9        EV: 12    Int:  8 (10) God:    Okawaru [**....]
Gold:   281        SH:  9    Dex: 12 (14) Spells: 7/7 levels left

rFire   . . .        a - +0 war axe
rCold   . . .        t - +0 kite shield
rNeg    . . .        (helmet restricted)
rPois   .            (no amulet)
rElec   .            g - +4 ring of protection
rCorr   .            z - +6 ring of strength
SInv    .            (no ring)
Will    .....        (no ring)
Stlth   ++           (no ring)
HPRegen 0.28/turn    (no ring)
MPRegen 0.11/turn    (no ring)
                     (no ring)

%: no passive effects
@: lethally poisoned (-1 -> -15), invisible
A: almost no armour, amphibious, 8 rings, camouflage 1, gelatinous body 1,
(nimble swimmer 1), tentacles
a: Renounce Religion, Heroism


You were on level 6 of the Dungeon.
You worshipped Okawaru.
Okawaru was pleased with you.
You visited 1 branch of the dungeon, and saw 7 of its levels.

You collected 281 gold pieces.

Inventory:

Hand Weapons
 a - a +0 war axe (weapon)
Missiles
 o - 11 poisoned darts (quivered)
 A - a curare-tipped dart
Armour
 b - a +0 buckler
 t - a +0 kite shield (worn)
Jewellery
 g - a +4 ring of protection (left tentacle)
 z - a +6 ring of strength (right tentacle)
Wands
 r - a wand of charming (19)
 y - a wand of digging (9)
Scrolls
 d - a scroll of vulnerability {unknown}
 h - a scroll of fear {unknown}
 i - a scroll of immolation {unknown}
 j - a scroll of identify {unknown}
 l - 2 scrolls of teleportation {unknown}
 p - a scroll of enchant weapon {unknown}
 u - a scroll of silence {unknown}
Potions
 c - a potion of might
 e - a potion of degeneration
 f - 2 potions of invisibility
 k - 2 potions of mutation {unknown}
 m - a potion of magic {unknown}
 n - 2 potions of haste {unknown}
 q - a potion of heal wounds {unknown}
 s - 3 potions of curing {unknown}
 v - a potion of attraction {unknown}
 w - a potion of brilliance {unknown}
 x - a potion of resistance {unknown}


   Skills:
 - Level 3.0 Fighting
 * Level 9.1 Axes
 + Level 3.8 Dodging
 * Level 4.4 Shields
 * Level 2.2 Invocations


You had 7 spell levels left.
You didn't know any spells.
Your spell library contained the following spells:

 Spells                   Type           Power      Damage    Failure   Level
 Cigotuvi's Dreadful Rot  Necr/Pois/Air  0%         N/A       86%         2
 Ignite Poison            Fire/Tmut/Pois 0%         N/A       97%         3
 Freezing Cloud           Conj/Ice/Air   0%         6-21      100%        5


Dungeon Overview and Level Annotations

Branches:
Dungeon (7/15)             Temple (0/1) D:6

Altars:
Okawaru

Shops:
D:6 [

Annotations:
D:4 Duvessa, Eustachio
D:5 exclusion: upstairs


Innate Abilities, Weirdness & Mutations

You cannot wear most types of armour.
You are amphibious.
You can wear up to eight rings at the same time.
Your skin changes colour to match your surroundings (Stealth+).
Your rubbery body absorbs attacks. (AC +1, EV +1)
((You are camouflaged when in or above water. (Stealth+)))
You have tentacles for arms and can constrict up to eight enemies at once.


Message History

You hit the gnoll. Your grab misses the gnoll.
The gnoll is lightly wounded.
You hit the water moccasin.
You feel sick.
The gnoll hits you with a +1 antimagic whip!
You feel your power leaking away. The water moccasin barely misses you.
You block the gnoll's attack.
Unknown command.
You barely miss the water moccasin. You grab the water moccasin.
You squeeze the water moccasin.
The water moccasin is moderately wounded.
You slash the gnoll! You constrict the water moccasin.
You feel sick. The water moccasin closely misses you.
The water moccasin bites you!
You are more poisoned.
The water moccasin poisons you! You block the gnoll's attack.
You barely miss the water moccasin. You squeeze the water moccasin!
The water moccasin is almost dead.
You hit the gnoll.
You kill the gnoll!
Okawaru accepts your kill.
You constrict the water moccasin.
You feel very sick. The water moccasin bites you.
* * * LOW HITPOINT WARNING * * *
You are lethally poisoned!
The water moccasin poisons you! The water moccasin closely misses you.
Your Axes skill increases to level 9!
You hit the water moccasin.
You kill the water moccasin!
Okawaru accepts your kill.
* * * LOW HITPOINT WARNING * * *
You feel very sick.
Unknown command.
It was a potion of invisibility.
You fade into invisibility!
* * * LOW HITPOINT WARNING * * *
You feel very sick.
It was a potion of degeneration.
There was something very wrong with that liquid.
You feel weakened.
You feel dopey.
You feel clumsy.
You die...

.........#.)...............# #.
....####...##..............# #.
......>........#############
###. ###............# #...
#............######## #...
#............##.[...#### #...
#......................# ##.#
#..............).......#####...
#.............@..........§§~...
#............##.....##..~§§~~..
#............##.....###~§§~~~~.
#########..########.# #§§~>§§~#
###..#######.# #~~~~§§§#
#..........#.###.~~~~~.#
#..........#......~~~...
#..........###########..
#..........# #..


There were no monsters in sight!

Vanquished Creatures
  A water moccasin (D:6)
  A black bear (D:5)
  2 phantoms (D:5)
  A kobold brigand (D:7)
  2 bullfrogs
  3 scorpions (D:5)
  5 wights (D:6)
  A hound (D:6)
  Natasha (twice) (D:2)
  4 iguanas
  An orc wizard (D:6)
  2 gnolls
  3 adders
  A shadow imp (D:5)
  An ufetubus (D:5)
  A worm (D:3)
  2 dart slugs
  9 orcs
  5 ball pythons
  4 endoplasms
  A goblin (D:1)
  3 hobgoblins
  5 quokkas
  5 bats
  2 frilled lizards
  9 kobolds
  3 rats
79 creatures vanquished.

Notes
Turn   | Place    | Note
-------+----------+-------------------------------------------
     0 | D:1      | Kurtz the Octopode Fighter began the quest for the Orb.
     0 | D:1      | Reached XP level 1. HP: 16/16 MP: 1/1
    67 | D:1      | Reached XP level 2. HP: 4/21 MP: 2/2
   317 | D:1      | Reached skill level 3 in Axes
   973 | D:2      | Reached XP level 3. HP: 26/26 MP: 3/3
  1357 | D:2      | Noticed Natasha
  1362 | D:2      | Killed Natasha
  1363 | D:2      | Reached skill level 4 in Axes
  1363 | D:2      | Reached XP level 4. HP: 20/31 MP: 4/4
  1724 | D:2      | Noticed Natasha
  1732 | D:2      | Killed Natasha
  2057 | D:3      | Reached skill level 5 in Axes
  2127 | D:3      | Reached XP level 5. HP: 36/36 MP: 5/5
  2321 | D:4      | Noticed Eustachio
  2325 | D:4      | Noticed Duvessa
  2338 | D:5      | Entered Level 5 of the Dungeon
  2421 | D:5      | Reached skill level 6 in Axes
  2421 | D:5      | Reached XP level 6. HP: 42/42 MP: 6/6
  2682 | D:5      | Reached skill level 7 in Axes
  2682 | D:5      | Reached XP level 7. HP: 37/46 MP: 7/7
  2745 | D:5      | Found an iron altar of Okawaru.
  2750 | D:5      | Became a worshipper of Warmaster Okawaru
  3147 | D:6      | Reached skill level 1 in Invocations
  3171 | D:6      | Found a staircase to the Ecumenical Temple.
  3240 | D:6      | Reached skill level 8 in Axes
  3312 | D:6      | Reached * piety under Okawaru
  3353 | D:6      | Reached XP level 8. HP: 25/52 MP: 7/9
  3742 | D:6      | Found Rerphounk's Antique Armour Boutique.
  4215 | D:6      | Reached skill level 9 in Axes
  4215 | D:6      | Reached ** piety under Okawaru
  4216 | D:6      | HP: 1/52 [poisoned by a water moccasin]
  4217 | D:6      | Succumbed to a water moccasin's poison

Illustrated notes

Levels and vault maps discovered:
D:1:      minmay_arrival_stone_box, layout_loops_corners, serial_bayou_pond_b
D:2:      minmay_diamond_boxcup, layout_loops_ring, lightli_corner_chamber,
          uniq_natasha
D:3:      layout_rooms
D:4:      layout_loops_cross, uniq_eustachio, uniq_duvessa
D:5:      layout_rooms, hellmonk_okawaru_the_only_friend_you_need,
          dk_noncrumbling_2
D:6:      layout_basic, minmay_temple_entry_mist, serial_shops,
          nicolae_shop_window_shopping
D:7:      layout_basic

Skill      XL: |  1  2  3  4  5  6  7  8 |
---------------+-------------------------+-----
Axes           | 3 4 5 6 7 8 9 |  9.1
Invocations    | 1 2 |  2.2
Shields        | 4 |  4.4
Fighting       | |  3.0
Dodging        | |  3.8

Action                     |  1- 3 |  4- 6 |  7- 9 || total
---------------------------+-------+-------+-------++-------
  Melee: War axe           |    36 |    71 |    62 ||   169
         Constrict         |    11 |    14 |    18 ||    43
         Tentacles         |     7 |    14 |    14 ||    35
         Punch             |       |       |     1 ||     1
  Throw: Dart              |       |     4 |     4 ||     8
    Use: Potion            |       |       |     2 ||     2
   Stab: Sleeping          |     5 |     8 |     5 ||    18
 Armour: Skin              |    17 |    35 |    41 ||    93
  Dodge: Dodged            |    22 |    42 |    25 ||    89
  Block: Buckler           |     7 |     4 |       ||    11
         Kite shield       |       |    16 |    24 ||    40

Table legend: (Time is in decaauts)
 A = Elapsed time spent in this place.
 B = Non-inter-level travel time spent in this place.
 C = Inter-level travel time spent in this place.
 D = Time resting spent in this place.
 E = Time spent auto-exploring this place.
 F = Levels seen in this place.
 G = Mean time per level.
                   A        B        C        D        E       F      G
               +--------+--------+--------+--------+--------+-----+--------+
         Total |   4280 |   4230 |     50 |    645 |   2801 |   7 |  611.4 |
       Dungeon |   4280 |   4230 |     50 |    645 |   2801 |   7 |  611.4 |
               +--------+--------+--------+--------+--------+-----+--------+

Top non-repeatable levels by time:
     D:6: 988 daAuts
     D:1: 971 daAuts
     D:2: 907 daAuts
     D:5: 678 daAuts
     D:3: 440 daAuts
     D:7: 240 daAuts
     D:4: 52 daAuts
